woodfighter, chaotic female human Rogue ------ ----- |....| |...| |.``.----.`.| |..`........| |..--->---..| |---------@--- |..^^^<|..`u.| |(.----|`.I.%| --^| |.`...| |^-----.`...| |..^^^^`.`..| |..---------- ---- woodfighter the Rogue Experience level: 6 Strength: 15 Dexterity: 19 Constitution: 14 Intelligence: 10 Wisdom: 13 Charisma: 7 Health: 0(47) Energy: 26(26) Def: 4 Gold: 254 Moves: 3987 Dungeon seed: uYC9BViarWDaWcai Game ID: woodfighter_1556346797 Your Inventory: Coins $ - 254 gold pieces Weapons a - a blessed +4 silver saber named Mighty Sabre (weapon in hand) b - 15 +0 daggers (in quiver) Armor e - an uncursed +1 leather armor (being worn) g - a cursed +0 robe q - an uncursed +0 mummy wrapping t - an uncursed +0 dwarvish cloak v - an uncursed +0 dwarvish cloak (being worn) z - a cursed -1 cloak of displacement Y - an uncursed +0 orcish helm (being worn) Comestibles o - a cursed sprig of wolfsbane I - an uncursed sprig of wolfsbane O - an uncursed magic bean T - an uncursed food ration X - an uncursed eucalyptus leaf Z - an uncursed lizard corpse Scrolls F - an uncursed scroll of light Potions G - 2 blessed potions of hallucination H - an uncursed potion of hallucination M - an uncursed potion of gain ability Rings K - an uncursed ring of conflict P - an uncursed ring of slow digestion Wands V - a wand of fire (0:5) Tools j - an uncursed skeleton key w - an uncursed magic whistle y - an uncursed lock pick L - a cursed oil lamp (0:1316) S - a cursed magic marker (0:57) W - an uncursed blindfold Gems n - an uncursed worthless piece of white glass Spells and supernatural/magical abilities: Name Level Category Fail Memory W - pray for help -- divine ? -- Your skills at the end: Miscellaneous Skills wands [Basic] Weapon Skills dagger [Basic] short sword [Basic] saber [Basic] Spellcasting Skills Final Attributes: You were piously aligned. Your writing hand was ok. You were somewhat stealthy. You are dead. Vanquished creatures: a ghost a small mimic a lynx a leprechaun a lizard a dog a plains centaur 2 baby crocodiles 2 fog clouds 3 gnome lords a gnomish wizard a kobold mummy a paper golem 2 kittens 2 dwarves 3 hill orcs 4 rothes an orc zombie a wererat a werejackal a coyote an acid blob 5 geckos 2 brown molds a green mold 2 jackals 9 newts 5 sewer rats 3 grid bugs 2 bats 5 lichens 2 kobold zombies 69 creatures vanquished. Voluntary challenges: You did not cause conflict. You were not invisible. You did not have reflection. You were not displaced. You used a wielded weapon 112 times, starting on turn 194. You did not apply a unicorn horn. You did not use plumbed fixtures. You did not drink any magical draughts. You were illiterate. You never genocided any monsters. You never polymorphed an object. You never changed form. You used no wishes. You never split a pudding. You never wrote Elbereth's name. You never violated your personal moral code. Dungeon overview: The Dungeons of Doom: levels 1 to 9 Level 1 a long staircase Level 2 a general store Level 3 a delicatessen stairs to The Gnomish Mines Level 4 a sink Level 5 (vault) some fountains Level 6 (water) an altar to Kos Level 7 many fountains Level 8 (water + unicorn) stairs to Sokoban Level 9 The Gnomish Mines: Level 4 stairs to The Dungeons of Doom Sokoban: Level 7 <- You were here a magic chest stairs to The Dungeons of Doom History has recorded: On T:1 you entered the Dungeons of Doom to retrieve the Amulet of Yendor! On T:152 you reached level 2 of The Dungeons of Doom. On T:358 you reached level 3 of The Dungeons of Doom. On T:571 you advanced to experience level 2. On T:653 you advanced to experience level 3. On T:742 you reached level 4 of The Dungeons of Doom. On T:898 you prayed to Kos. On T:1055 you advanced to experience level 4. On T:1069 you reached level 1 of The Gnomish Mines. On T:1662 you reached level 5 of The Dungeons of Doom. On T:1774 you advanced to experience level 5. On T:1917 you reached level 6 of The Dungeons of Doom. On T:2686 you advanced to experience level 6. On T:2702 you reached level 7 of The Dungeons of Doom. On T:3637 you reached level 8 of The Dungeons of Doom. On T:3688 you reached level 9 of The Dungeons of Doom. On T:3836 you prayed to Kos. On T:3847 you reached level 4 of Sokoban. Score breakdown: Gold: 254 ( 25 points) Experience: 6 levels ( 500 points) Exploration: 9 levels ( 240 points) Discoveries: 19 items ( 950 points) Variety of kills: 32 monsters ( 1600 points) Major goal: (nothing yet) ( 0 points) Survival: died (score multiplied by 3) Total score: 9945 Latest messages: Perhaps that's why you cannot move it. The horse kicks! The horse bites! You slash the horse! You hear a monster behind the boulder. Perhaps that's why you cannot move it. The horse kicks! The horse bites! You slash the horse! The horse kicks! The horse bites! The horse kicks! The horse bites! The horse kicks! The horse just misses! You hear some noises. You have a sad feeling for a moment, then it passes. You stop searching. The horse kicks! The horse bites! The horse kicks! The horse bites! You hack the horse! The horse kicks! The horse bites! The horse kicks! You die... Final status: Goodbye woodfighter the Rogue, killed by a horse... You died in Sokoban on dungeon level 7 with 9945 points, and 254 pieces of gold, after 3987 moves. You were level 6 with a maximum of 47 hit points when you died.